 Dungeon Crawl Stone Soup version 0.30.0-5-g1a98f26d00 (webtiles) character file.

Game seed: 5870567132834048228

410 PoweredByGinger the Skirmisher (level 6, 0/53 HPs)
             Began as a Minotaur Hunter on May 9, 2023.
             Shot with an arrow by a centaur (7 damage)
             ... on level 4 of the Dungeon.
             The game lasted 00:04:21 (2837 turns).

PoweredByGinger the Skirmisher (Minotaur Hunter)    Turns: 2837, Time: 00:04:22

Health: 0/53       AC:  6    Str: 18    XL:     6   Next: 58%
Magic:  5/5        EV: 10    Int:  6    God:
Gold:   96         SH:  0    Dex: 13    Spells: 5/5 levels left

rFire   . . .        a - +0 shortbow
rCold   . . .        (shield currently unavailable)
rNeg    . . .        g - +0 scale mail
rPois   .            (helmet restricted)
rElec   .            (no cloak)
rCorr   .            (no gloves)
SInv    .            (no boots)
Will    .....        (no amulet) Stlth
                     (no ring)
HPRegen 0.28/turn    (no ring)
MPRegen 0.09/turn

%: no passive effects
@: no status effects
A: horns 2, retaliatory headbutt
a: no special abilities


You were on level 4 of the Dungeon.
You visited 1 branch of the dungeon, and saw 4 of its levels.

You collected 96 gold pieces.

Inventory:

Hand Weapons
 a - a +0 shortbow (weapon)
 b - a +2 whip of venom
 w - a +0 war axe
Missiles
 f - 6 javelins
Armour
 g - a +0 scale mail (worn)
Jewellery
 i - a ring of protection from cold
 n - a +6 ring of intelligence
 q - a +5 ring of evasion
Wands
 h - a wand of flame (12)
 m - a wand of quicksilver (3)
 p - a wand of digging (8)
Scrolls
 c - 4 scrolls of identify {unknown}
 d - a scroll of blinking {unknown}
 j - a scroll of poison {unknown}
 k - a scroll of immolation
 l - a scroll of summoning {unknown}
 r - a scroll of teleportation {unknown}
 u - a scroll of fog {unknown}
Potions
 e - a potion of lignification {unknown}
 o - a potion of magic {unknown}
 s - a potion of heal wounds {unknown}
 t - a potion of flight {unknown}
 v - a potion of mutation {unknown}


   Skills:
 - Level 4.5 Fighting
 + Level 0.0 Axes
 + Level 8.0 Ranged Weapons
 - Level 2.1 Dodging
 - Level 0.7 Stealth


You had 5 spell levels left.
You didn't know any spells.
Your spell library was empty.

Dungeon Overview and Level Annotations

Branches:
Dungeon (4/15)
 Temple: D:4-7

Altars:
Fedhas
Wu Jian
Zin


Innate Abilities, Weirdness & Mutations

You have a pair of horns on your head.
You reflexively headbutt those who attack you in melee.


Message History

A quokka is nearby!
You shoot an arrow. The arrow hits the quokka.
The quokka is lightly wounded.
The quokka misses you. You furiously retaliate!
You headbutt the quokka!
You kill the quokka!
No target in view!
No target in view!
No target in view!
You see here a +0 war axe.
w - a +0 war axe A centaur comes into view.
The centaur shouts!
The centaur wields a +0 shortbow.
The centaur shoots an arrow.
The arrow hits you.
A centaur is nearby!
A centaur is nearby!
A centaur is nearby!
You shoot an arrow. The arrow hits the centaur.
The centaur is moderately wounded.
The centaur shoots an arrow.
The arrow hits you!
The centaur shoots an arrow.
The arrow hits you!
You shoot an arrow. The arrow barely misses the centaur.
The centaur shoots an arrow.
The arrow hits you!
You are too injured to fight recklessly!
You are too injured to fight recklessly!
Fire: a) +0 shortbow
Press: ? - help, Q - select action, (/) - cycle Shift-Dir - straight line, f/p - centaur
Aim: a centaur, wielding a +0 shortbow (moderately wounded, 74% to hit)
You shoot an arrow. The arrow barely misses the centaur.
The centaur shoots an arrow.
The arrow hits you.
The centaur shoots an arrow.
The arrow misses you.
Fire: a) +0 shortbow
Press: ? - help, Q - select action, (/) - cycle Shift-Dir - straight line, f/p - centaur
Aim: a centaur, wielding a +0 shortbow (moderately wounded, 74% to hit)
You shoot an arrow. The arrow hits the centaur!
The centaur is severely wounded.
The centaur shoots an arrow.
The arrow hits you!
* * * LOW HITPOINT WARNING * * *
The centaur shoots an arrow.
The arrow hits you!
You die...

#.. ##...##.# #..
#....##.###
##[.###.........#
.....รท>...###.#.#
###..###.## #.#.#
#..##...###.#.#
##..#.###.##.#.#
#####....##
##...#.#
#...@....# #...#.#
#..c.###.##.##
##.#.#<# #.#
#.###.###.##.#.#
#.# ##....##.#.#
#.# ####..#.#.#
#.# ##.#[#.## #.#
#.#.#... #.#
#.#.####
#.########.#.####


You could see a centaur.

Vanquished Creatures
  An ice beast (D:4)
  A jelly (D:3)
  3 iguanas
  An orc wizard (D:4)
  Terence (D:2)
  4 gnolls
  6 adders
  A worm (D:3)
  10 orcs
  4 ball pythons
  7 endoplasms
  A giant cockroach (D:2)
  4 hobgoblins
  4 quokkas (D:4)
  4 bats
  3 frilled lizards
  2 goblins (D:1)
  7 kobolds
  3 rats
67 creatures vanquished.

Notes
Turn   | Place    | Note
-------+----------+-------------------------------------------
     0 | D:1      | PoweredByGinger the Minotaur Hunter began the quest for the
                  | Orb.
     0 | D:1      | Reached XP level 1. HP: 18/18 MP: 0/0
   289 | D:1      | Reached XP level 2. HP: 25/25 MP: 1/1
   404 | D:1      | Reached skill level 5 in Ranged Weapons
   645 | D:2      | Noticed Terence
   650 | D:2      | Reached XP level 3. HP: 30/30 MP: 2/2
   725 | D:2      | Found an ornate altar of the Wu Jian Council.
   891 | D:2      | Killed Terence
   892 | D:2      | Reached skill level 6 in Ranged Weapons
  1277 | D:2      | Reached XP level 4. HP: 6/37 MP: 3/3
  1885 | D:3      | Reached skill level 7 in Ranged Weapons
  1885 | D:3      | Reached XP level 5. HP: 42/42 MP: 4/4
  2129 | D:3      | Found a glowing silver altar of Zin.
  2515 | D:4      | Found a blossoming altar of Fedhas.
  2556 | D:4      | Noticed an ice beast
  2567 | D:4      | Killed an ice beast
  2568 | D:4      | Reached XP level 6. HP: 52/52 MP: 5/5
  2683 | D:4      | Reached skill level 8 in Ranged Weapons
  2837 | D:4      | Shot with an arrow by a centaur

Illustrated notes

Levels and vault maps discovered:
D:1:      minmay_arrival_doors, layout_basic, columned_hall_lemuel
D:2:      layout_basic, basic_altar, minivault_27, uniq_terence
D:3:      layout_loops_cross, zin_statuary
D:4:      layout_loops_ring, kennysheep_little_box, serial_shops, shop

Skill      XL: |  1  2  3  4  5  6 |
---------------+-------------------+-----
Ranged Weapons | 5 6 7 8 |  8.0
Fighting       | 4 |  4.5
Dodging        | |  2.1
Stealth        | |  0.7

Action                     |  1- 3 |  4- 6 || total
---------------------------+-------+-------++-------
  Melee: Whip              |    13 |       ||    13
         Headbutt          |     2 |     2 ||     4
         Punch             |     1 |       ||     1
         Shortbow          |       |     6 ||     6
   Fire: Shortbow          |    68 |   155 ||   223
 Armour: Leather armour    |     1 |       ||     1
         Scale mail        |    20 |    42 ||    62
  Dodge: Dodged            |    29 |    66 ||    95
